 Dungeon Crawl Stone Soup version 0.29-a0-284-gf9362112df (webtiles) character file.

Game seed: 16625582431658054811

6 sylnyx the Stinger (level 2, 0/18 (19) HPs)
             Began as a Formicid Venom Mage on Mar 23, 2022.
             Slain by a kobold
             ... wielding a +0 club
              (2 damage)
             ... on level 1 of the Dungeon.
             The game lasted 00:02:22 (740 turns).

sylnyx the Stinger (Formicid Venom Mage)             Turns: 740, Time: 00:02:23

HP:   0/18 (19)     AC:  2    Str: 12    XL:     2   Next: 0%
MP:   5/5           EV: 12    Int: 14    God:
Gold: 22            SH:  0    Dex: 11    Spells: 4/5 levels left

rFire   . . .      SeeInvis +   (no weapon)
rCold   . . .      Faith    .   (no shield)
rNeg    . . .      Spirit   .   a - +0 robe
rPois   .          Reflect  .   (helmet unavailable)
rElec   .          Harm     .   (no cloak)
rCorr   .          Rampage  .   (no gloves)
Will    .....                   (no boots)
Stlth   ++........              (no amulet)
HPRegen 0.06/turn               (no ring)
MPRegen 0.09/turn               (no ring)

@: drained
A: permanent stasis, dig shafts and tunnels, antennae 3, four strong arms
a: Dig, Shaft Self


You were on level 1 of the Dungeon.
You visited 1 branch of the dungeon, and saw 1 of its levels.

You collected 22 gold pieces.

Inventory:

Armour
 a - a +0 robe (worn)
Potions
 b - a potion of magic


   Skills:
 + Level 2.0 Dodging
 + Level 2.4 Stealth
 + Level 2.1 Spellcasting
 + Level 1.1 Transmutations
 + Level 4.4 Poison Magic


You had 4 spell levels left.
You knew the following spells:

 Your Spells              Type           Power      Damage    Failure   Level
a - Sting                 Tmut/Pois      36%        1d4       8%          1

Your spell library contained the following spells:

 Spells                   Type           Power      Damage    Failure   Level
 Poisonous Vapours        Pois/Air       14%        N/A       14%         2
 Mephitic Cloud           Conj/Pois/Air  5%         N/A       36%         3
 Olgreb's Toxic Radiance  Pois           13%        N/A       36%         4


Dungeon Overview and Level Annotations

Branches:
Dungeon (1/15)

Altars:


Innate Abilities, Weirdness & Mutations

You cannot be hasted, slowed, berserked, paralysed or teleported.
You can dig through walls and to a lower floor.
You have a pair of large antennae on your head. (SInv)
Your four strong arms can wield two-handed weapons with a shield.


Message History

You have reached level 2!
Unknown command.
You see here a ball python corpse.
You open the door.
A kobold comes into view. It is wielding a +0 club.
Found a stone staircase leading down.
There is an open door here.
The kobold hits you with a +0 club. The kobold barely misses you.
The kobold barely misses you. The kobold closely misses you.
The kobold closely misses you. The kobold hits you with a +0 club.
The kobold barely misses you. The kobold hits you with a +0 club.
The kobold closely misses you. The kobold barely misses you.
The kobold misses you. The kobold hits you but does no damage.
The kobold barely misses you. The kobold closely misses you.
The kobold hits you but does no damage. The kobold barely misses you.
The kobold misses you. The kobold barely misses you.
The kobold hits you with a +0 club. The kobold closely misses you.
The kobold hits you with a +0 club. The kobold closely misses you.
The kobold hits you with a +0 club.
* * * LOW HITPOINT WARNING * * *
The kobold closely misses you. The kobold hits you with a +0 club.
* * * LOW HITPOINT WARNING * * *
The kobold misses you. The kobold closely misses you.
The kobold hits you with a +0 club.
* * * LOW HITPOINT WARNING * * *
The kobold hits you with a +0 club.
You die...

...##.....# #.#
####....... #.#
........... #.#
.......#.## # #.#
.......#. #.#.#
.......# #.#'####
.......# #......#
.......# #......#
.......# #...@.>#
.......# .......K..+
#####..#######........
#..#..##.............#
#..#.....8.8.........#
#..#.###..⌠..#+##......
#..#.# ......# ...##.
##..#.#.##.#..# ...#
....#.#. ......


You could see a kobold.

Vanquished Creatures
  2 ball pythons (D:1)
  An endoplasm (D:1)
  A hobgoblin (D:1)
  A bat (D:1)
  A frilled lizard (D:1)
6 creatures vanquished.

Notes
Turn   | Place    | Note
-------+----------+-------------------------------------------
     0 | D:1      | sylnyx the Formicid Venom Mage began the quest for the Orb.
     0 | D:1      | Reached XP level 1. HP: 13/13 MP: 3/3
   698 | D:1      | Reached XP level 2. HP: 18/18 MP: 5/5
   740 | D:1      | Slain by a kobold

Illustrated notes

Levels and vault maps discovered:
D:1:      dpeg_arrival_round_b, layout_basic,
          hellmonk_ecumenical_altar_arch_garden, minmay_misc_feat_cross,
          minmay_liquid_box, eino_curves_03, hangedman_feature_mirror

Skill      XL: |  1 |
---------------+----+-----
Dodging        | 2 |  2.0
Stealth        | |  2.4
Spellcasting   | |  2.1
Transmutations | |  1.1
Poison Magic   | |  4.4

Action                   || total
-------------------------++-------
Melee: Unarmed           ||    20
 Cast: Sting             ||     4
 Abil: Dig               ||     3
Armor: Robe              ||     5
Dodge: Dodged            ||    35

Table legend: (Time is in decaauts)
 A = Elapsed time spent in this place.
 B = Non-inter-level travel time spent in this place.
 C = Inter-level travel time spent in this place.
 D = Time resting spent in this place.
 E = Time spent auto-exploring this place.
 F = Levels seen in this place.
 G = Mean time per level.
                   A        B        C        D        E       F      G
               +--------+--------+--------+--------+--------+-----+--------+
         Total |    740 |    740 |      0 |    300 |    284 |   1 |  740.0 |
       Dungeon |    740 |    740 |      0 |    300 |    284 |   1 |  740.0 |
               +--------+--------+--------+--------+--------+-----+--------+

Top non-repeatable levels by time:
     D:1: 740 daAuts
